 Dungeon Crawl Stone Soup version 0.30.0-20-g3b4254fcbd (webtiles) character file.

Game seed: 16929110085778127604

125 jagang the Digger (level 5, -6/33 HPs)
             Began as an Octopode Earth Elementalist on June 2, 2023.
             Constricted to death by Ijyb (8 damage)
             ... on level 3 of the Dungeon.
             The game lasted 00:04:40 (2739 turns).

jagang the Digger (Octopode Earth Elementalist)     Turns: 2739, Time: 00:04:41

Health: -6/33      AC:  1    Str:  8    XL:     5   Next: 9%
Magic:  6/8        EV: 10    Int: 19    God:
Gold:   83         SH:  5    Dex: 12    Spells: 4/9 levels left

rFire   . . .        (no weapon)
rCold   + . .        (no shield)
rNeg    . . .        (helmet restricted)
rPois   .            i - amulet of reflection
rElec   .            k - ring of protection from cold
rCorr   .            (no ring)
SInv    .            (no ring)
Will    .....        (no ring)
Stlth   +++          (no ring)
HPRegen 0.25/turn    (no ring)
MPRegen 0.11/turn    (no ring)
                     (no ring)

%: reflection
@: grasped by roots, constricted, invisible
A: almost no armour, amphibious, 8 rings, camouflage 1, gelatinous body 1,
(nimble swimmer 1), tentacles
a: no special abilities


You were on level 3 of the Dungeon.
You visited 1 branch of the dungeon, and saw 3 of its levels.

You collected 83 gold pieces.

Inventory:

Armour
 n - a +0 buckler
Jewellery
 i - an amulet of reflection (around mantle)
 k - a ring of protection from cold (left tentacle)
Scrolls
 d - 2 scrolls of teleportation {unknown}
 h - a scroll of immolation {unknown}
 j - a scroll of identify {unknown}
 l - 2 scrolls of enchant weapon {unknown}
 m - a scroll of amnesia {unknown}
 o - 2 scrolls of magic mapping {unknown}
 q - 2 scrolls of enchant armour {unknown}
Potions
 a - 2 potions of magic
 b - 2 potions of curing {unknown}
 c - 2 potions of invisibility
 e - 2 potions of haste {unknown}
 f - a potion of lignification {unknown}
 g - a potion of flight {unknown}
 p - a potion of attraction {unknown}
 r - a potion of degeneration {unknown}
 s - 2 potions of brilliance {unknown}


   Skills:
 + Level 1.6 Fighting
 + Level 2.6 Dodging
 - Level 3.0 Stealth
 + Level 2.6 Spellcasting
 * Level 1.0 Conjurations
 - Level 1.0 Transmutations
 * Level 4.1 Earth Magic


You had 4 spell levels left.
You knew the following spells:

 Your Spells              Type           Power      Damage    Failure   Level
a - Sandblast             Erth           36%        2d10      3%          1
b - Stone Arrow           Conj/Erth      24%        3d8       16%         3
c - Slow                  Hex            8%         N/A       16%         1

Your spell library contained the following spells:

 Spells                   Type           Power      Damage    Failure   Level
 Passwall                 Tmut/Erth      10%        N/A       9%          2
 Poisonous Vapours        Pois/Air       4%         N/A       24%         2
 Mephitic Cloud           Conj/Pois/Air  3%         N/A       38%         3
 Confusing Touch          Hex            2%         N/A       43%         3
 Vampiric Draining        Necr           2%         2d6       43%         3
 Petrify                  Tmut/Erth      12%        N/A       50%         4
 Freezing Cloud           Conj/Ice/Air   1%         6-21      98%         5


Dungeon Overview and Level Annotations

Branches:
Dungeon (3/15)

Altars:

Annotations:
D:3 Ijyb


Innate Abilities, Weirdness & Mutations

You cannot wear most types of armour.
You are amphibious.
You can wear up to eight rings at the same time.
Your skin changes colour to match your surroundings (Stealth+).
Your rubbery body absorbs attacks. (AC +1, EV +1)
((You are camouflaged when in or above water. (Stealth+)))
You have tentacles for arms and can constrict up to eight enemies at once.


Message History

Ijyb the Twisted Goblin comes into view.
She is wielding a +0 dagger and carrying a wand of roots (5).
Found the Unrestrained Analects.
Ijyb shouts!
The blast of sand misses Natasha.
Ijyb zaps a wand.
The roots erupt in riotous growth!
Natasha is unaffected.
The grasping roots grab you! The grasping roots constrict you.
You barely miss Natasha. You grab Natasha. You squeeze Natasha!
Natasha is severely wounded.
You constrict Natasha. You block Natasha's attack.
The grasping roots constrict you.
You tentacle-slap Natasha but do no damage.
Natasha is severely wounded.
You constrict Natasha. Natasha claws you!
Ijyb grins evilly.
The grasping roots constrict you.
You are too injured to fight recklessly!
You are too injured to fight recklessly!
You tentacle-slap Natasha but do no damage.
Natasha is severely wounded.
You constrict Natasha. Natasha closely misses you.
The grasping roots constrict you.
* * * LOW HITPOINT WARNING * * *
The grasping roots release their grip on you.
You barely miss Natasha. Your squeeze misses Natasha.
Natasha is almost dead.
You constrict Natasha.
You kill Natasha!
Natasha screams in pain as she dies!
Ijyb zaps a wand.
The roots erupt in riotous growth!
The grasping roots grab you! The grasping roots constrict you.
* * * LOW HITPOINT WARNING * * *
Your Conjurations skill increases to level 1!
You have reached level 5!
You feel stronger.
It was a potion of invisibility.
You fade into invisibility!
The grasping roots constrict you!
You die...

#......###.###.#.#
#..# #.##...[#
#..#######.#......
#..........##...##
#.############.##
#†# #.# #####.###
#.# #..>....#
##'## #.###@#.#
##...## #g#.#
##.....# ... .
#....... .#.#...
#........
#.#......
+........ # #.#
..## #........ ...
.:# ##....... ###
.# ##.....#
##...##


You could see Ijyb (unable to see you).

Vanquished Creatures
  Natasha (D:3)
  2 adders
  3 worms (D:2)
  4 dart slugs
  An orc (D:3)
  6 bats
  4 endoplasms (D:1)
  2 giant cockroaches (D:1)
  3 goblins
  9 hobgoblins
  5 kobolds
  4 quokkas
  9 ball pythons
  2 frilled lizards
  10 rats
65 creatures vanquished.

Notes
Turn   | Place    | Note
-------+----------+-------------------------------------------
     0 | D:1      | jagang the Octopode Earth Elementalist began the quest for
                  | the Orb.
     0 | D:1      | Reached XP level 1. HP: 11/11 MP: 3/3
   120 | D:1      | Reached XP level 2. HP: 11/18 MP: 0/5
   466 | D:1      | Reached XP level 3. HP: 22/22 MP: 4/6
   708 | D:1      | Reached skill level 1 in Fighting
  1313 | D:2      | Reached XP level 4. HP: 28/28 MP: 3/7
  1366 | D:2      | Learned a level 3 spell: Stone Arrow
  2257 | D:2      | Learned a level 1 spell: Slow
  2297 | D:3      | Reached skill level 4 in Earth Magic
  2732 | D:3      | Noticed Natasha
  2732 | D:3      | Noticed Ijyb
  2738 | D:3      | Killed Natasha
  2738 | D:3      | HP: 1/28 [constriction (2)]
  2739 | D:3      | Reached skill level 1 in Conjurations
  2739 | D:3      | Reached XP level 5. HP: 1/33 MP: 6/8
  2739 | D:3      | Constricted to death by Ijyb

Illustrated notes

Levels and vault maps discovered:
D:1:      minmay_arrival_up_and_down, layout_basic, minivault_4
D:2:      layout_basic
D:3:      layout_loops_corners, uniq_natasha, uniq_ijyb

Skill      XL: |  1  2  3  4 |
---------------+-------------+-----
Stealth        | 3 |  3.0
Fighting       | 1 |  1.6
Earth Magic    | 4 |  4.1
Conjurations   | 1 |  1.0
Dodging        | |  2.6
Spellcasting   | |  2.6
Transmutations | |  1.0

Action                     |  1- 3 |  4- 6 || total
---------------------------+-------+-------++-------
  Melee: Unarmed           |    18 |     4 ||    22
         Tentacles         |     5 |     1 ||     6
         Constrict         |     4 |     1 ||     5
         Punch             |     2 |       ||     2
   Cast: Sandblast         |    45 |    36 ||    81
    Use: Potion            |       |     1 ||     1
   Stab: Sleeping          |     2 |       ||     2
 Armour: Skin              |     4 |     1 ||     5
  Dodge: Dodged            |    23 |     5 ||    28
  Block: Other             |     2 |     2 ||     4
         Reflection        |       |     1 ||     1
